 Dungeon Crawl Stone Soup version 0.30-a0-757-ga6a79fd877 (webtiles) character file.

Game seed: 17217455869958302755

4 Mickster the Slasher (level 1, -1/19 HPs)
             Began as an Armataur Berserker on Feb 10, 2023.
             Was a Follower of Trog.
             Succumbed to an adder's poison
             ... on level 2 of the Dungeon.
             The game lasted 00:02:56 (331 turns).

Mickster the Slasher (Armataur Berserker)            Turns: 331, Time: 00:02:57

Health: -1/19      AC:  6    Str: 22    XL:     1   Next: 50%
Magic:  1/1        EV:  9    Int:  7    God:    Trog [*.....]
Gold:   23         SH:  0    Dex:  9    Spells: 0/0 levels left

rFire   . . .      SeeInvis .    a - +0 falchion
rCold   . . .      Faith    .    (no shield)
rNeg    . . .      Spirit   .    d - +0 ring mail
rPois   .          Reflect  .    (no helmet)
rElec   .          Harm     .    (no cloak)
rCorr   .          Roll     +    (no gloves)
Will    .....                    (no barding) Stlth
                                 (no amulet)
HPRegen 0.23/turn                (no ring)
MPRegen 0.07/turn                (no ring)

@: lethally poisoned (-1 -> -11)
A: large, rugged brown scales 3, deformed body, armoured tail, roll, long
tongue, awkward tongue
a: Renounce Religion, Berserk


You were on level 2 of the Dungeon.
You worshipped Trog.
Trog was aware of your devotion.
You visited 1 branch of the dungeon, and saw 2 of its levels.

You collected 23 gold pieces.

Inventory:

Hand Weapons
 a - a +0 falchion (weapon)
Armour
 b - a +0 animal skin
 d - a +0 ring mail (worn)


   Skills:
 + Level 2.8 Fighting
 + Level 2.8 Long Blades
 + Level 2.4 Armour
 + Level 1.4 Dodging


You couldn't memorise any spells.
You didn't know any spells.
Your spell library contained the following spells:

 Spells                   Type           Power      Damage    Failure   Level
 Magic Dart               Conj           0%         1d3       58%         1
 Call Imp                 Summ           0%         N/A       75%         2
 Mephitic Cloud           Conj/Pois/Air  0%         N/A       92%         3


Dungeon Overview and Level Annotations

Branches:
Dungeon (1/15)

Altars:


Innate Abilities, Weirdness & Mutations

You are completely covered in rugged brown scales. (AC +3, +7% HP)
Armour fits poorly on your strangely shaped body.
You have a long armoured tail.
You roll when moving toward enemies. (Rampage)
Your long tongue fully drains potion bottles. (2x potion effects)
Your tongue gives you trouble enunciating. (1.5x scroll delay)


Message History

The giant cockroach completely misses you.
You miss the adder.
The adder is severely wounded.
The adder misses you.
The giant cockroach bites you but does no damage.
The adder bites you but does no damage. The giant cockroach closely misses you.
You miss the adder.
The adder is severely wounded.
The adder bites you.
You are poisoned.
The adder poisons you! The giant cockroach barely misses you.
You hit the adder.
The adder is almost dead.
You feel sick. The adder bites you.
You are more poisoned.
The adder poisons you! The giant cockroach bites you.
The adder bites you but does no damage. The giant cockroach bites you.
You barely miss the adder.
The adder is almost dead.
You feel very sick. The adder closely misses you.
The giant cockroach bites you but does no damage.
You barely miss the adder.
The adder is almost dead.
* * * LOW HITPOINT WARNING * * *
You feel sick. The adder closely misses you.
The giant cockroach barely misses you. The adder bites you.
* * * LOW HITPOINT WARNING * * *
You are more poisoned.
The adder poisons you!
You closely miss the adder.
The adder is almost dead.
* * * LOW HITPOINT WARNING * * *
You feel very sick.
The giant cockroach bites you but does no damage.
The adder bites you but does no damage. The giant cockroach barely misses you.
The adder attacks as you move away! The adder barely misses you.
The giant cockroach attacks as you move away!
The giant cockroach bites you but does no damage.
You die...

#.###.#.## #.# #.#.#
#.# #.#.# #.# #.#.####
# #.# #.#....# .# # #.#
#.#..#.##.#### #. #.#
#.#..#.#.....# #####.
#.# #.#..#.B......
...... #.#
#....@.SK..... ......
#.# ###..###.....#
.#.##. #.# #..# ....#
#. #.# #..#####.#####.#
##.
#.#####..............#<
#.
#..............####..#.
## #######.########
#... #.# #..# #.# #..#


You could see an adder, a giant cockroach and a kobold.

Vanquished Creatures
  A goblin (D:2)
  A quokka (D:2)
  A bat (D:2)
  A rat (D:1)
4 creatures vanquished.

Notes
Turn   | Place    | Note
-------+----------+-------------------------------------------
     0 | D:1      | Mickster the Armataur Berserker began the quest for the
                  | Orb.
     0 | D:1      | Reached XP level 1. HP: 19/19 MP: 1/1
    65 | D:1      | You fall into a shaft and drop 1 floor!
   331 | D:2      | Succumbed to an adder's poison

Illustrated notes

Levels and vault maps discovered:
D:1:      dpeg_arrival_pond, layout_basic, serial_shops,
          nicolae_shop_competitors_out_of_business,
          shapermc_ecumenical_altar_pompeii, roderic_three_in_a_row
D:2:      layout_loops_ring

Action                     || total
---------------------------++-------
  Melee: Falchion          ||    22
  Throw: Stone             ||     2
    Use: Potion            ||     3
 Armour: Ring mail         ||    19
  Dodge: Dodged            ||    24

Table legend: (Time is in decaauts)
 A = Elapsed time spent in this place.
 B = Non-inter-level travel time spent in this place.
 C = Inter-level travel time spent in this place.
 D = Time resting spent in this place.
 E = Time spent auto-exploring this place.
 F = Levels seen in this place.
 G = Mean time per level.
                   A        B        C        D        E       F      G
               +--------+--------+--------+--------+--------+-----+--------+
         Total |    334 |    334 |      0 |     71 |      0 |   2 |  167.0 |
       Dungeon |    334 |    334 |      0 |     71 |      0 |   2 |  167.0 |
               +--------+--------+--------+--------+--------+-----+--------+

Top non-repeatable levels by time:
     D:2: 268 daAuts
     D:1: 65 daAuts
